General information
- name: BNet
- type: Ladder team game (AT/RT)
- host: Battle.net
- saver: noooooobs
map: GnollWood
- players: 4
- length: 16:17
- speed: Fast
- version: 1.24 W3XP
- replay type: Public
» download(106 KB)
Players
team 1 (loser)
kielZ.Copper (
orange | 68 APM | 1103 actions | 16:16)
3 Blademaster
2 Wind Walk
1 Critical Strike
2 Shadow Hunter
1 Hex
1 Healing Wave
» actions
| Assign group hotkey | 13 | |
| Basic commands | 1 | |
| Build / train | 61 | |
| Enter build submenu | 11 | |
| Enter hero's abilities submenu | 5 | |
| Give item / drop item | 2 | |
| Right click | 475 | |
| Select / deselect | 247 | |
| Select group hotkey | 194 | |
| Use ability | 94 | |
1103 total
» units
| Peon | 7 | |
| Grunt | 5 | |
| Raider | 12 | |
| Spirit Walker | 4 | |
| Demolisher | 1 | |
29 total
» upgrades
| Ensnare | 1 | |
| Melee Weapons | 2 | |
| Spirit Walker Training | 1 | |
| Armor | 1 | |
5 total
» buildings
| Altar of Storms | 1 | |
| Orc Burrow | 5 | |
| Barracks | 1 | |
| Voodoo Lounge | 1 | |
| Stronghold | 2 | |
| Spirit Lodge | 1 | |
| Beastiary | 1 | |
| War Mill | 1 | |
13 total
» build order
00:08 Altar of Storms
00:19 Orc Burrow
00:36 Barracks
01:35 Orc Burrow
01:55 Voodoo Lounge
03:05 Stronghold
04:10 Orc Burrow
05:08 Orc Burrow
07:06 Spirit Lodge
07:07 Beastiary
07:12 War Mill
08:28 Orc Burrow
» items
| Circlet of Nobility | 2 | |
| Healing Salve | 3 | |
| Lesser Clarity Potion | 2 | |
| Scroll of Speed | 1 | |
| Potion of Healing | 2 | |
| Scroll of Town Portal | 3 | |
| Scroll of Regeneration | 1 | |
| Staff of Teleportation | 1 | |
| Potion of Mana | 1 | |
16 total
Saito-Hiraga (
purple | 79 APM | 1291 actions | 16:14)
3 Archmage
2 Summon Water Elemental
1 Brilliance Aura
1 Mountain King
1 Storm Bolt
» actions
| Assign group hotkey | 116 | |
| Basic commands | 18 | |
| Build / train | 73 | |
| Enter build submenu | 29 | |
| Enter hero's abilities submenu | 4 | |
| Give item / drop item | 3 | |
| Right click | 568 | |
| Select / deselect | 313 | |
| Select group hotkey | 42 | |
| Use ability | 125 | |
1291 total
» units
| Peasant | 28 | |
| Footman | 13 | |
| Spell Breaker | 5 | |
| Priest | 2 | |
| Mortar Team | 1 | |
49 total
» buildings
| Altar of Kings | 1 | |
| Barracks | 1 | |
| Farm | 15 | |
| Town Hall | 1 | |
| Keep | 1 | |
| Lumber Mill | 1 | |
| Arcane Vault | 1 | |
| Arcane Sanctum | 2 | |
| Blacksmith | 1 | |
| Guard Tower | 2 | |
| Arcane Tower | 1 | |
| Workshop | 1 | |
28 total
» build order
00:09 Altar of Kings
00:21 Barracks
00:34 Farm
01:18 Farm
01:39 Farm
03:19 Farm
04:03 Town Hall
06:12 Keep
06:52 Lumber Mill
06:54 Arcane Vault
08:34 Arcane Sanctum
08:36 Arcane Sanctum
08:41 Blacksmith
09:16 Farm
09:17 Farm
09:18 Farm
09:20 Farm
10:13 Farm
10:16 Farm
10:19 Farm
10:38 Guard Tower
10:46 Arcane Tower
10:49 Guard Tower
10:58 Workshop
11:04 Farm
11:06 Farm
11:08 Farm
12:31 Farm
» items
| Boots of Speed | 2 | |
| Healing Salve | 1 | |
| Scroll of Town Portal | 1 | |
| Scroll of Regeneration | 1 | |
| Potion of Healing | 3 | |
| Lesser Clarity Potion | 2 | |
| Ivory Tower | 3 | |
| Potion of Mana | 1 | |
14 total
team 2 (winner)

»
noooooobs (
yellow | 120 APM | 1961 actions | 16:17)
5 Archmage
3 Summon Water Elemental
2 Brilliance Aura
2 Mountain King
1 Storm Bolt
1 Thunder Clap
1 Death Knight
1 Death Coil
» actions
| Assign group hotkey | 36 | |
| Basic commands | 13 | |
| Build / train | 62 | |
| ESC pressed | 3 | |
| Enter build submenu | 23 | |
| Enter hero's abilities submenu | 9 | |
| Give item / drop item | 6 | |
| Right click | 690 | |
| Select / deselect | 633 | |
| Select group hotkey | 378 | |
| Use ability | 107 | |
1961 total
» units
| Peasant | 9 | |
| Footman | 5 | |
| Sorceress | 4 | |
| Priest | 6 | |
| Spell Breaker | 9 | |
33 total
» upgrades
| Priest Training | 1 | |
| Sorceress Training | 1 | |
| Magic Sentry | 1 | |
3 total
» buildings
| Altar of Kings | 1 | |
| Barracks | 1 | |
| Farm | 8 | |
| Scout Tower | 2 | |
| Arcane Tower | 1 | |
| Keep | 1 | |
| Arcane Vault | 1 | |
| Arcane Sanctum | 3 | |
| Town Hall | 1 | |
| Blacksmith | 1 | |
20 total
» build order
00:07 Altar of Kings
00:20 Barracks
00:35 Farm
00:50 Farm
01:50 Scout Tower
02:16 Farm
02:17 Arcane Tower
02:50 Keep
03:17 Scout Tower
03:40 Farm
03:51 Arcane Vault
04:38 Farm
05:20 Arcane Sanctum
06:08 Arcane Sanctum
07:01 Farm
10:45 Farm
12:07 Town Hall
12:55 Farm
13:37 Blacksmith
15:13 Arcane Sanctum
» items
| Boots of Speed | 2 | |
| Scroll of Healing | 1 | |
| Scroll of Protection | 2 | |
| Potion of Lesser Invulnerability | 1 | |
| Lesser Clarity Potion | 4 | |
| Scroll of Town Portal | 1 | |
| Scroll of Regeneration | 1 | |
12 total
OnlyFun (
red | 208 APM | 3391 actions | 16:17)
5 Death Knight
3 Death Coil
2 Unholy Aura
4 Lich
1 Frost Armor
2 Frost Nova
1 Dark Ritual
» actions
| Assign group hotkey | 241 | |
| Basic commands | 120 | |
| Build / train | 77 | |
| ESC pressed | 1 | |
| Enter build submenu | 14 | |
| Enter hero's abilities submenu | 9 | |
| Give item / drop item | 2 | |
| Right click | 1104 | |
| Select / deselect | 344 | |
| Select group hotkey | 1302 | |
| Use ability | 177 | |
3391 total
» units
| Acolyte | 3 | |
| Ghoul | 3 | |
| Crypt Fiend | 9 | |
| Obsidian Statue | 3 | |
| Abomination | 1 | |
19 total
» upgrades
| Creature Attack | 1 | |
| Burrow | 1 | |
| Creature Carapace | 1 | |
| Web | 1 | |
| Destroyer Form | 1 | |
| Disease Cloud | 1 | |
6 total
» buildings
| Crypt | 1 | |
| Graveyard | 1 | |
| Altar of Darkness | 1 | |
| Ziggurat | 5 | |
| Tomb of Relics | 2 | |
| Halls of the Dead | 2 | |
| Black Citadel | 1 | |
| Slaughterhouse | 1 | |
14 total
» build order
00:06 Crypt
00:13 Graveyard
00:43 Altar of Darkness
01:00 Ziggurat
01:47 Tomb of Relics
01:55 Tomb of Relics
02:06 Ziggurat
03:35 Halls of the Dead
03:35 Halls of the Dead
03:39 Ziggurat
06:37 Black Citadel
07:04 Slaughterhouse
08:58 Ziggurat
13:47 Ziggurat
» items
| Rod of Necromancy | 2 | |
| Dust of Appearance | 3 | |
| Potion of Healing | 1 | |
| Scroll of Town Portal | 5 | |
| Scroll of Healing | 2 | |
| Scroll of Protection | 2 | |
| Potion of Lesser Invulnerability | 1 | |
| Orb of Corruption | 1 | |
17 total
Chat log
(00:27 / Allies) OnlyFun: ill go 4tandar for thi4 one
(00:29 / Allies) OnlyFun: fiend4/de4t
(00:32 / Allies) noooooobs: k
(00:45 / Allies) noooooobs: why is s a 4 when u type
(00:52 / Allies) OnlyFun: cause i use a soft
(00:55 / Allies) OnlyFun: for inventory items
(00:57 / Allies) OnlyFun: for fast use
(00:58 / Allies) noooooobs: aight
(01:08 / Allies) noooooobs: menu1?
(01:14 / Allies) noooooobs: ok
(01:34 / Allies) OnlyFun: soft is called auto warkey
(03:33 / Allies) noooooobs: ?
(06:53 / Allies) noooooobs: bm
(09:16 / Allies) noooooobs: gogo
(09:29 / Allies) OnlyFun: lol
(11:49 / Allies) noooooobs: b
(11:51 / Allies) noooooobs: tp
(12:43 / Allies) noooooobs: im stuck ;D
(12:57 / Allies) OnlyFun: ^^
(13:15 / Allies) noooooobs: gogo
(15:38 / Allies) noooooobs: gj
(16:00 / All) Saito-Hiraga: gg
(16:05 / All) OnlyFun: gg
(16:09 / All) noooooobs: gg
(16:11 / All) kielZ.Copper: gg